 Dungeon Crawl Stone Soup version 0.28-b1-25-g9875b3fc8c (webtiles) character file.

Game seed: 1747149349001764984

7291 sanka the Thaumaturge (level 11, -1/85 HPs)
             Began as a Djinni Cinder Acolyte on Feb 5, 2022.
             Was a High Priest of Ignis.
             Slain by a warg (6 damage)
             ... on level 8 of the Dungeon.
             The game lasted 00:26:19 (14749 turns).

sanka the Thaumaturge (Djinni Cinder Acolyte)      Turns: 14749, Time: 00:26:21

Health: -1/85      AC: 14    Str: 13    XL:     11   Next: 34%
Gold:   364        EV: 10    Int: 20    God:    Ignis [*****.] SH:  0 Dex:  9

rFire   + + +      SeeInvis .   C - +2 broad axe (elec)
rCold   x . .      Faith    .   (no shield)
rNeg    . . .      Spirit   .   p - +3 scale mail {Will+}
rPois   ∞          Reflect  .   k - +2 helmet
rElec   .          Harm     .   (no cloak)
rCorr   .          Rampage  .   E - +0 pair of gloves
Will    ++...                   (boots unavailable)
Stlth   ..........              (no amulet)
HPRegen 0.24/turn               (no ring)
MPRegen 0.00/turn               (no ring)

@: flying
A: sickness immunity, fire resistance 2, cold vulnerability 1, float, innate
caster, HP casting, extra vitality 1
a: Renounce Religion, Fiery Armour, Foxfire Swarm, Rising Flame


You were on level 8 of the Dungeon.
You worshipped Ignis.
Ignis was extremely pleased with you.
You visited 1 branch of the dungeon, and saw 9 of its levels.
You also visited: Sewer.

You collected 364 gold pieces.

Inventory:

Hand Weapons
 a - a +1 spear of venom
 b - a +0 halberd
 C - a +2 broad axe of electrocution (weapon)
Missiles
 h - 279 stones
Armour
 k - a +2 helmet (worn)
 n - a +2 scale mail of cold resistance
 p - a +3 scale mail of willpower (worn)
 E - a +0 pair of gloves (worn)
 F - +0 steam dragon scales
 I - a +0 troll leather armour
Magical Staves
 A - a staff of conjuration
Jewellery
 D - a ring of wizardry
Wands
 o - a wand of mindburst (5)
Scrolls
 d - 2 scrolls of blinking {unknown}
 g - 8 scrolls of identify {unknown}
 i - a scroll of brand weapon {unknown}
 l - a scroll of fear {unknown}
 w - a scroll of immolation {unknown}
 y - 3 scrolls of magic mapping {unknown}
 z - 2 scrolls of teleportation {unknown}
 B - 2 scrolls of torment {unknown}
 G - a scroll of vulnerability {unknown}
Potions
 c - 2 potions of brilliance {unknown}
 e - 5 potions of curing {unknown}
 f - a potion of ambrosia {unknown}
 j - a potion of attraction {unknown}
 m - a potion of flight {unknown}
 q - 2 potions of might {unknown}
 r - a potion of invisibility {unknown}
 s - a potion of magic {unknown}
 t - a potion of heal wounds {unknown}
 u - 2 potions of haste {unknown}
 v - a potion of experience {unknown}
 x - a potion of lignification {unknown}
 H - a potion of mutation {unknown}


   Skills:
 - Level 10.0 Fighting
 - Level 4.0 Armour
 + Level 5.1 Dodging
 - Level 3.0 Unarmed Combat
 - Level 10.0 Spellcasting


You had 14 spell levels left.
You knew the following spells:

 Your Spells              Type           Power      Damage    Failure   Level
a - Scorch                Fire           100%       2d10      1%          2
b - Sandblast             Erth           100%       2d20      1%          1
c - Poisonous Vapours     Pois/Air       100%       N/A       1%          2
d - Corpse Rot            Necr/Air       100%       N/A       1%          2
e - Animate Armour        Summ/Erth      100%       N/A       4%          4
f - Agony                 Necr           50%        N/A       14%         5
Your spell library was empty.

Dungeon Overview and Level Annotations

Branches:
Dungeon (9/15)             Temple (0/1) D:6            Lair (0/6) D:8
  Sewer (visited)
    Orc: D:9-12

Altars:
Ashenzari
Makhleb
Qazlal
Uskayaw
Yredelemnul
The Shining One


Innate Abilities, Weirdness & Mutations

You are immune to sickness and miasma.
You are immune to poison.
Your flesh is very heat resistant. (rF++)
You are vulnerable to cold. (rC-)
You float through the air rather than walking.
You learn spells naturally, not from books.
Your magical power is your life essence.
You have superior vitality. (+4 MHP)


Message History

The howler monkey hoots and howls with incredible vigour!
You hear a howl!
Things that are here:
a +0 robe; a +0 dagger The warg bites you but does no damage.
There is a stone staircase leading up here.
The warg bites you but does no damage.
You fly upwards.
There is a stone staircase leading down here.
You see here a +0 robe.
Unknown command.
Casting: Scorch (safe; 1% risk of failure)
Confirm with . or Enter, or press ? or * to list all spells.
Flames lash the warg.
The warg is lightly wounded.
The warg's fire resistance burns away.
The warg closely misses you. The warg misses you.
Casting: Scorch (safe; 1% risk of failure)
Confirm with . or Enter, or press ? or * to list all spells.
Flames lash the warg.
The warg is burned terribly!
The warg is moderately wounded.
The warg bites you but does no damage.
Casting: Scorch (safe; 1% risk of failure)
Confirm with . or Enter, or press ? or * to list all spells.
Flames lash the warg but do no damage.
The warg bites you!
* * * LOW HITPOINT WARNING * * *
Casting: Scorch (safe; 1% risk of failure)
Confirm with . or Enter, or press ? or * to list all spells.
Flames lash the warg.
The warg is burned terribly!
The warg is almost dead.
* * * LOW HITPOINT WARNING * * *
The warg bites you but does no damage. The warg bites you!
* * * LOW HITPOINT WARNING * * *
Casting: Scorch (safe; 1% risk of failure)
Confirm with . or Enter, or press ? or * to list all spells.
Flames lash the warg.
The warg is burned terribly!
The warg is almost dead.
* * * LOW HITPOINT WARNING * * *
The warg bites you.
You die...

####### #...(.# #.....# #########
#.....# ###########>......#
#.....#####
......#...#.......#####..........
......#...#....[@................
......#...#....>h................
..........#...[..................
......#..............##.......###
......#..............#######.....
..........#...........#### #.....
#######...####.#.........###.....
#..........#.......[[<.###.
####.....#.....#..##)#..#..


You could see a warg (combustible).

Vanquished Creatures
  A death knight (D:7)
  A two-headed ogre (D:9)
  An orc sorcerer (D:8)
  A cyclops (D:9)
  2 trolls (D:9)
  Sigmund (D:2)
  A steam dragon (D:7)
  5 wargs
  Menkaure (D:5)
  An acid dragon (D:8)
  A hell hound (D:9)
  4 orc warriors
  2 sky beasts
  An ice beast (D:5)
  6 ogres
  2 necrophages (D:7)
  A centaur (D:8)
  A kobold brigand (D:7)
  2 bullfrogs
  2 gnoll sergeants (D:9)
  2 scorpions
  A water moccasin zombie (D:6)
  A water moccasin skeleton (D:5)
  5 killer bees
  4 howler monkeys
  5 centaur zombies
  2 bullfrog zombies (D:6)
  2 bullfrog skeletons
  2 hounds
  3 jellies
  2 gnoll shamans (D:9)
  5 orc priests
  A centaur skeleton (D:4)
  Ijyb (D:5)
  3 iguanas
  11 orc wizards
  A hound zombie (D:5)
  Robin (D:2)
  6 gnolls
  A howler monkey skeleton (D:4)
  12 adders
  3 river rats
  A white imp (D:5)
  2 ufetubi
  An adder skeleton (D:5)
  A worm (D:2)
  5 dart slugs
  20 orcs
  5 bats
  6 endoplasms
  5 giant cockroaches
  22 goblins
  8 hobgoblins
  8 jackals
  25 kobolds
  A quokka (D:2)
  19 ball pythons
  5 frilled lizards
  25 rats
270 creatures vanquished.

Notes
Turn   | Place    | Note
-------+----------+-------------------------------------------
     0 | D:1      | sanka the Djinni Cinder Acolyte began the quest for the
                  | Orb.
     0 | D:1      | Reached XP level 1. HP: 20/20 MP: 0/0
   183 | D:1      | Reached XP level 2. HP: 25/25 MP: 0/0
   259 | D:1      | Found a faded altar of an unknown god.
   260 | D:1      | You are sucked into a shaft and drop 1 floor!
   624 | D:1      | Reached XP level 3. HP: 25/30 MP: 0/0
   624 | D:1      | Learned a level 1 spell: Sandblast
  1362 | D:1      | Reached XP level 4. HP: 11/35 MP: 0/0
  1690 | D:1      | You are sucked into a shaft and drop 1 floor!
  2382 | D:2      | Noticed Sigmund
  2394 | D:2      | Killed Sigmund
  2395 | D:2      | Reached skill level 5 in Spellcasting
  2395 | D:2      | Reached XP level 5. HP: 19/40 MP: 0/0
  2395 | D:2      | Learned a level 2 spell: Poisonous Vapours
  2395 | D:2      | Reached XP level 6. HP: 22/46 MP: 0/0
  4157 | D:3      | Noticed Robin
  4198 | D:2      | Killed Robin
  4939 | D:4      | Reached XP level 7. HP: 44/50 MP: 0/0
  4939 | D:4      | Learned a level 2 spell: Corpse Rot
  6412 | D:5      | Entered Level 5 of the Dungeon
  6536 | D:5      | Reached XP level 8. HP: 48/56 MP: 0/0
  6562 | D:5      | Noticed Ijyb
  6570 | D:5      | Killed Ijyb
  6780 | D:5      | Found a glowing drain.
  6830 | Sewer    | Entered a sewer
  7939 | D:5      | Found a hide-covered altar of Uskayaw.
  8591 | D:5      | Noticed Menkaure
  8597 | D:5      | Killed Menkaure
  8598 | D:5      | Reached skill level 5 in Fighting
  8598 | D:5      | Reached XP level 9. HP: 51/65 MP: 0/0
  8598 | D:5      | Learned a level 4 spell: Animate Armour
  9518 | D:6      | Found a staircase to the Ecumenical Temple.
 10836 | D:7      | Noticed a death knight
 10913 | D:7      | Killed a death knight
 10914 | D:7      | Reached XP level 10. HP: 50/76 MP: 0/0
 11433 | D:7      | Found a basalt altar of Yredelemnul.
 11557 | D:7      | Found a stormy altar of Qazlal.
 11560 | D:7      | Found a glowing golden altar of the Shining One.
 11563 | D:7      | Found a broken altar of Ashenzari.
 12452 | D:8      | Found a burning altar of Makhleb.
 12710 | D:8      | Found a staircase to the Lair.
 13451 | D:9      | Noticed a two-headed ogre
 13469 | D:9      | Killed a two-headed ogre
 13849 | D:9      | Reached skill level 10 in Spellcasting
 13875 | D:9      | Reached skill level 10 in Fighting
 13875 | D:9      | Reached XP level 11. HP: 60/85 MP: 0/0
 13875 | D:9      | Learned a level 5 spell: Agony
 14074 | D:9      | Reached skill level 1 in Armour
 14074 | D:9      | Reached skill level 1 in Dodging
 14227 | D:9      | Noticed a cyclops
 14235 | D:9      | Killed a cyclops
 14320 | D:9      | Noticed an orc sorcerer
 14324 | D:9      | Noticed a sun demon
 14333 | D:8      | Killed an orc sorcerer
 14709 | D:9      | Reached skill level 5 in Dodging
 14749 | D:8      | Slain by a warg

Illustrated notes

Levels and vault maps discovered:
D:1:      zaba_arrival_water, layout_basic,
          hellmonk_ecumenical_altar_leap_of_faith
D:2:      layout_loops_ring, minmay_goblin_outpost, uniq_sigmund
D:3:      layout_basic, uniq_robin
D:4:      layout_basic
D:5:      layout_loops_corners, nicolae_uskayaw_murder_on_the_dancefloor,
          portal_sewer_entry_e, dk_noncrumbling_3, minmay_between,
          uniq_menkaure, uniq_ijyb
D:6:      layout_gridville, minmay_temple_entry_mist, st_stairs_2
D:7:      layout_loops_ring, mainiacjoe_overflow_surrounded_room,
          grunt_temple_overflow_diamond
D:8:      layout_rooms, bloody_makhleb, lair_entry_dummy
D:9:      lemuel_castle_with_subvaults [lemuel_castle_interior_carwin_2],
          layout_stronghold, uniq_joseph

Skill      XL: |  1  2  3  4  5  6  7  8  9 10 11 |
---------------+----------------------------------+-----
Spellcasting   | 3 5 6 8 9 10 | 10.0
Fighting       | 5 8 10 | 10.0
Armour         | 4 |  4.0
Dodging        | 5 |  5.1
Unarmed Combat | |  3.0

Action                   |  1- 3 |  4- 6 |  7- 9 | 10-12 || total
-------------------------+-------+-------+-------+-------++-------
Melee: Unarmed           |     8 |       |       |       ||     8
       Spear             |    13 |    61 |    70 |       ||   144
       Punch             |       |     1 |     1 |       ||     2
       Halberd           |       |       |     6 |       ||     6
 Cast: Scorch            |    23 |    47 |   159 |   126 ||   355
       Poisonous Vapours |       |    11 |    40 |    42 ||    93
       Animate Armour    |       |       |       |     1 ||     1
 Stab: Sleeping          |       |     1 |       |       ||     1
Armor: Robe              |     5 |    17 |     4 |       ||    26
       Scale mail        |       |       |    63 |    50 ||   113
       Skin              |       |       |       |     1 ||     1
Dodge: Dodged            |    17 |    40 |    50 |    51 ||   158
